 Dungeon Crawl Stone Soup version 0.27-a0-998-g4cfe56dd59 (webtiles) character file.

Game seed: 13977124619227626083

81 tilp the Sneak (level 4, -4/24 HPs)
             Began as a Vine Stalker Brigand on Apr 16, 2021.
             Slain by Terence
             ... wielding a +0 flail
              (7 damage)
             ... on level 2 of the Dungeon.
             The game lasted 00:02:21 (2183 turns).

tilp the Sneak (Vine Stalker Brigand)               Turns: 2183, Time: 00:02:22

Health: -4/24      AC:  9    Str: 14    XL:     4   Next: 40%
Magic:  0/5        EV: 10    Int: 11    God:
Gold:   53         SH:  0    Dex: 16    Spells: 3/3 levels left

rFire    . . .     SeeInvis .   a - +2 dagger
rCold    . . .     Faith    .   (no shield)
rNeg     . . .     Spirit   +   c - +0 ring mail
rPois    .         Reflect  .   l - +0 helmet
rElec    .         Harm     .   i - +2 cloak
rCorr    .         Rampage  .   (no gloves)
Will     .....                  (no boots)
Stlth    ++........             (no amulet)
HPRegen  1.08/turn              (no ring)
MPRegen  0.09/turn              (no ring)

@: no status effects
A: fangs 2, regeneration 1, magic shield, antimagic bite, no potion heal 2
a: no special abilities


You were on level 2 of the Dungeon.
You visited 1 branch of the dungeon, and saw 2 of its levels.

You collected 53 gold pieces.

Inventory:

Hand Weapons
 a - a +2 dagger (weapon)
Missiles
 d - 8 poisoned darts (quivered)
 e - 2 curare-tipped darts {!f}
Armour
 c - a +0 ring mail (worn)
 i - a +2 cloak (worn)
 l - a +0 helmet (worn)
Jewellery
 j - a ring of wizardry
Scrolls
 b - a scroll of teleportation {unknown}
 f - a scroll of identify
 g - a scroll of magic mapping
 k - a scroll of blinking {unknown}
Potions
 h - a potion of haste


   Skills:
 + Level 3.1 Fighting
 + Level 3.1 Short Blades
 - Level 1.7 Throwing
 - Level 0.7 Dodging
 - Level 4.8 Stealth


You had 3 spell levels left.
You didn't know any spells.
Your spell library was empty.

Dungeon Overview and Level Annotations

Branches:
Dungeon (2/15)

Altars:
Elyvilon

Annotations:
D:2 1 runed translucent door, Crazy Yiuf, Terence


Innate Abilities, Weirdness & Mutations

You have extremely sharp teeth.
Your natural rate of healing is unusually fast.
When hurt, damage is shared between your health and your magic reserves.
Your bite disrupts and absorbs the magic of your enemies.
Potions cannot restore your health.


Message History

You hit Terence but do no damage. You bite Terence. You drain his power.
Terence is heavily wounded.
Terence drinks a potion.
Terence is healed!
You hit Terence. You bite Terence. You drain his power.
Terence is moderately wounded.
Terence hits you with a +0 flail.
You hit Terence but do no damage. Your bite misses Terence.
Terence is moderately wounded.
Terence hits you but does no damage.
You hit Terence. Your bite misses Terence.
Terence is heavily wounded.
Terence screams, "I want your blood!" Terence hits you with a +0 flail.
You barely miss Terence.
Terence is heavily wounded.
Terence says, "Don't bother to defend, it's senseless."
Terence misses you.
You hit Terence.
Terence is heavily wounded.
Terence hits you with a +0 flail.
You closely miss Terence.
Terence is heavily wounded.
You hit Terence but do no damage.
Terence is heavily wounded.
Terence barely misses you.
You hit Terence but do no damage.
Terence is heavily wounded.
Terence hits you with a +0 flail!
* * * LOW HITPOINT WARNING * * *
You hit Terence.
Terence is severely wounded.
Terence hits you but does no damage.
You hit Terence but do no damage.
Terence is severely wounded.
Terence hits you with a +0 flail.
* * * LOW HITPOINT WARNING * * *
You hit Terence but do no damage.
Terence is severely wounded.
Terence hits you with a +0 flail!
You die...

#.#.....................#.#
#..###.##.###......#.....#####
#.#...........................#
#..###.##.###.#..###.#.#.#####
#.#........###.#..###.#.#.#
#..###.#.................# #.
..................†#####
.###........######## ########@#
#@# #.# #.# #.# ###


You could see Terence.

Vanquished Creatures
  3 adders (D:2)
  2 dart slugs
  5 endoplasms
  2 giant cockroaches (D:1)
  7 goblins
  3 hobgoblins
  3 kobolds (D:2)
  5 quokkas
  5 ball pythons
  2 bats (D:1)
  3 frilled lizards (D:1)
  6 rats (D:1)
46 creatures vanquished.

Vanquished Creatures (others)
  2 plants (D:1)
2 creatures vanquished.

Grand Total: 48 creatures vanquished

Notes
Turn   | Place    | Note
-------+----------+-------------------------------------------
     0 | D:1      | tilp the Vine Stalker Brigand began the quest for the Orb.
     0 | D:1      | Reached XP level 1. HP: 11/11 MP: 2/2
   482 | D:1      | Reached XP level 2. HP: 14/15 MP: 3/3
   795 | D:1      | Found a faded altar of an unknown god.
   895 | D:1      | Reached XP level 3. HP: 19/19 MP: 4/4
  1309 | D:1      | You fall into a shaft and drop 1 floor!
  1698 | D:2      | Gained mutation: Your natural rate of healing is unusually
                  | fast. [Vine Stalker growth]
  1698 | D:2      | Reached XP level 4. HP: 21/23 MP: 3/5
  1786 | D:2      | Found a runed translucent door.
  1787 | D:2      | Noticed Crazy Yiuf
  1977 | D:2      | Found a white marble altar of Elyvilon.
  2155 | D:2      | Noticed Terence
  2183 | D:2      | Slain by Terence

Illustrated notes

Levels and vault maps discovered:
D:1:      matt_arrival_diagonals, layout_basic,
          shapermc_ecumenical_altar_mp_ritualfount, serial_forest,
          infiniplex_forest_clump_small, infiniplex_forest_clump_diagonal,
          infiniplex_forest_straight_2, infiniplex_forest_clump_small,
          infiniplex_forest_clump_curved
D:2:      layout_basic, basic_altar, minivault_23, uniq_terence,
          uniq_crazy_yiuf_cottage

Skill      XL: |  1  2  3  4 |
---------------+-------------+-----
Fighting       | 2 3 |  3.1
Short Blades   | 2 3 |  3.1
Throwing       | |  1.7
Dodging        | |  0.7
Stealth        | |  4.8

Action                   |  1- 3 |  4- 6 || total
-------------------------+-------+-------++-------
Melee: Dagger            |    97 |    52 ||   149
       Bite              |    30 |    17 ||    47
  Use: Scroll            |     2 |       ||     2
 Stab: Sleeping          |     8 |     2 ||    10
Armor: Robe              |    12 |       ||    12
       Ring mail         |     2 |    13 ||    15
Dodge: Dodged            |    49 |    14 ||    63

Table legend: (Time is in decaauts)
 A = Elapsed time spent in this place.
 B = Non-inter-level travel time spent in this place.
 C = Inter-level travel time spent in this place.
 D = Time resting spent in this place.
 E = Time spent auto-exploring this place.
 F = Levels seen in this place.
 G = Mean time per level.
                   A        B        C        D        E       F      G
               +--------+--------+--------+--------+--------+-----+--------+
         Total |   2164 |   2126 |     38 |    248 |   1519 |   2 | 1082.0 |
       Dungeon |   2164 |   2126 |     38 |    248 |   1519 |   2 | 1082.0 |
               +--------+--------+--------+--------+--------+-----+--------+

Top non-repeatable levels by time:
     D:1: 1495 daAuts
     D:2: 669 daAuts
